 Dungeon Crawl Stone Soup version 0.23-a0-673-g3803c42 (webtiles) character file.

384093 EvilAliv3 the Warrior (level 24, -4/197 HPs)
             Began as a Human Gladiator on Jan 5, 2019.
             Was an Initiate of Gozag.
             Killed from afar by a deep elf annihilator (85 damage)
             ... with a crystal spear
             ... on level 3 of the Elven Halls on Jan 9, 2019.
             The game lasted 08:06:17 (71211 turns).

EvilAliv3 the Warrior (Human Gladiator)            Turns: 71211, Time: 08:06:18

Health: -4/197     AC: 35    Str: 31    XL:     24   Next: 3%
Magic:  35/35      EV: 29    Int: 18    God:    Gozag
Gold:   3294       SH:  2    Dex: 22    Spells: 23/23 levels left

rFire    + + +     SeeInvis +   b - +9 lajatang (elec)
rCold    + . .     Gourm    .   (shield currently unavailable)
rNeg     + . .     Faith    .   h - +14 chain mail of Hownoed {-Tele rElec rF++ Dex+4}
rPois    .         Spirit   .   c - +0 helmet of the Lily {MR+ Int+2 Dex+4 SInv}
rElec    +         Reflect  +   t - +2 cloak {MR+}
rCorr    .         Harm     .   i - +2 pair of gloves {archery}
MR       +++++     NoTele   +   I - +1 pair of boots
Stlth    ..........             O - amulet of Xom's Full Attention {Reflect *Contam rElec rN+ Str+9 SH+2}
HPRegen  0.42/turn              F - ring of the Will of the Gods {rElec rC+ MR+++ Int+3 Dex-3}
MPRegen  0.24/turn              M - ring "Oxzuunen" {rF+ EV+6 Int+2 Slay+2}

@: corroded, gold aura
A: no striking features
}: 2/15 runes: barnacled, gossamer
a: Potion Petition, Call Merchant, Bribe Branch, Renounce Religion


You were on level 3 of the Elven Halls.
You worshipped Gozag.
Gozag was most pleased with you.
You were not hungry.

You visited 9 branches of the dungeon, and saw 40 of its levels.
You also visited: Ossuary, Gauntlet and Wizlab.

You collected 19636 gold pieces.
You spent 8077 gold pieces at shops.
You paid 8265 gold pieces to Gozag.

Inventory:

Hand Weapons
 a - the +8 whip "Snakebite" {curare, rPois}
   (You found it on level 5 of the Lair of Beasts)

   It poisons the flesh of those it strikes.
   It protects you from poison.
 b - a +9 lajatang of electrocution (weapon)
 w - a +1 hunting sling of flaming
Missiles
 d - 17 throwing nets
 e - 17 javelins of penetration
 Q - 263 sling bullets
 R - 15 silver javelins (quivered)
Armour
 c - the +0 helmet of the Lily (worn) {MR+ Int+2 Dex+4 SInv}
   (You bought it in a shop on level 15 of the Dungeon)

   It affects your intelligence (+2).
   It affects your dexterity (+4).
   It affects your resistance to hostile enchantments.
   It lets you see invisible.
 h - the +14 chain mail of Hownoed (worn) {-Tele rElec rF++ Dex+4}
   (You bought it in a shop on level 2 of the Orcish Mines)

   It affects your dexterity (+4).
   It greatly protects you from fire.
   It insulates you from electricity.
   It prevents most forms of teleportation.
 i - a +2 pair of gloves of archery (worn)
 q - a +2 cloak of poison resistance
 t - a +2 cloak of magic resistance (worn)
 I - a +1 pair of boots (worn)
 N - the +6 plate armour of Entitlement {rElec Str+4 Dex+2 SInv}
   (You bought it in a shop on level 2 of the Orcish Mines)

   It affects your strength (+4).
   It affects your dexterity (+2).
   It insulates you from electricity.
   It lets you see invisible.
Jewellery
 A - the amulet of Bikack {Faith +Blink rF+ rC+ Stlth+}
   (You found it on level 4 of the Shoals)

   [amulet of faith]

   It allows you to gain divine favour quickly.
   It protects you from fire.
   It protects you from cold.
   It lets you blink.
   It makes you more stealthy.
 F - the ring of the Will of the Gods (left hand) {rElec rC+ MR+++ Int+3 Dex-3}
   (You found it on level 9 of the Dungeon)

   [ring of protection from cold]

   It affects your intelligence (+3).
   It affects your dexterity (-3).
   It protects you from cold.
   It insulates you from electricity.
   It affects your resistance to hostile enchantments.
 G - the ring "Peloessou" {*Slow rC+++ Str+4 SInv Stlth+}
   (You found it in a wizard's laboratory)

   [ring of see invisible]

   It affects your strength (+4).
   It renders you almost immune to cold.
   It lets you see invisible.
   It may slow you when you take damage.
   It makes you more stealthy.
 M - the ring "Oxzuunen" (right hand) {rF+ EV+6 Int+2 Slay+2}
   (You found it in a wizard's laboratory)

   [ring of evasion]

   It affects your evasion (+6).
   It affects your intelligence (+2).
   It affects your accuracy and damage with ranged weapons and melee attacks
   (+2).
   It protects you from fire.
 O - the amulet of Xom's Full Attention (around neck) {Reflect *Contam rElec rN+ Str+9 SH+2}
   (You took it off a merfolk siren on level 4 of the Shoals)

   [amulet of reflection]

   It shields you and reflects attacks.
   It affects your strength (+9).
   It insulates you from electricity.
   It protects you from negative energy.
   It causes magical contamination when unequipped.
   It affects your SH (+2).
Wands
 p - a wand of random effects (68)
 z - a wand of scattershot (3)
 C - a wand of acid (11)
 H - a wand of iceblast (6)
 J - a wand of digging (19)
 L - a wand of polymorph (24)
 X - a wand of disintegration (12)
 Z - a wand of paralysis (13)
Scrolls
 j - 6 scrolls of fear
 k - 3 scrolls of blinking
 l - 4 scrolls of holy word
 r - 7 scrolls of identify
 s - 19 scrolls of remove curse
 v - 10 scrolls of teleportation
 y - 6 scrolls of enchant weapon
 B - 4 scrolls of brand weapon
 D - 3 scrolls of immolation
 E - 7 scrolls of fog
 S - 7 scrolls of silence
 Y - 2 scrolls of summoning
Potions
 g - 6 potions of mutation
 m - 5 potions of ambrosia
 n - 13 potions of curing
 o - 3 potions of haste
 u - 5 potions of agility
 x - 3 potions of resistance
 K - a potion of heal wounds
 P - 9 potions of might
Miscellaneous
 T - a lightning rod (4/4)
 U - a phial of floods
 V - a lamp of fire
 W - a fan of gales
Comestibles
 f - 30 rations


   Skills:
 + Level 18.1 Fighting
 - Level 18.0 Staves
 - Level 11.9(12.0) Slings
 - Level 2.0(8.0) Throwing
 + Level 15.9 Armour
 + Level 15.9 Dodging
 * Level 17.8 Evocations


You had 23 spell levels left.
You didn't know any spells.
Your spell library contained the following spells:

 Spells                   Type           Power        Failure   Level  Hunger
 Infusion                 Chrm           #...         54%         1    ##.....


Dungeon Overview and Level Annotations

Branches:
Dungeon (15/15)            Temple (1/1) D:6            Lair (6/6) D:8
 Shoals (4/4) Lair:3       Spider (4/4) Lair:3        Slime (0/5) Lair:5
    Orc (2/2) D:11            Elf (3/3) Orc:2        Vaults (4/5) D:13
  Crypt (0/3) Vaults:3     Depths (1/5) D:15

Altars:
Ashenzari
Cheibriados
Dithmenos
Elyvilon
Fedhas
Gozag
Hepliaklqana
Kikubaaqudgha
Makhleb
Nemelex Xobeh
Okawaru
Qazlal
Ru
Sif Muna
Trog
Uskayaw
Vehumet
Wu Jian
Xom
Yredelemnul
Zin
The Shining One
Beogh

Shops:
D:5 (   D:8 [*[   D:9 :   D:12 *[   D:15 [   Orc:2 [[(*   Elf:1 *   Shoals:1 !

Portals:
Hell: Lair:6
Trove: Vaults:4 (show abyssal rune of Zot)

Annotations:
Lair:5 exclusion: oklob plant
Shoals:1 exclusion: downstairs


Message History

The deep elf annihilator closely misses you.
The deep elf sorcerer shouts!
The deep elf elementalist shouts!
You cut the deep elf sorcerer into ribbons!!!
Lightning courses through the deep elf sorcerer!
The deep elf sorcerer is no longer distracted by gold.
The deep elf sorcerer is almost dead.
The deep elf sorcerer casts a spell at you.
The bolt of acid misses you.
The +2 battleaxe of electrocution hits you!
The deep elf death mage becomes distracted by the nearby gold, dreaming of The deep elf sorcerer is empowered by the deep elf high priest's aura!
The deep elf annihilator is empowered by the deep elf high priest's aura!
You miss the deep elf sorcerer.
The deep elf sorcerer is almost dead.
The deep elf sorcerer completely misses you.
The deep elf annihilator casts a spell at you.
The crystal spear hits you!
You die...
Your body crumbles into a pile of gold.

......# ......#
..e. ###...##
#e.# # #....#
#.e# # ##.###
##e.# # ###
####.#ยง.# #
#....#.e## #
#######..eee...#
#
#.....#..@(e$$.#
#
##........$....##
#
##......(......##
#
##.#)....########
## ##.###.)).#
.###.## #...##
#.#..####...#
............#
#......##.<.#


You could see a deep elf annihilator, a deep elf death mage, a deep elf
sorcerer, a deep elf elementalist, a deep elf high priest and a +2 battleaxe of
electrocution.

Vanquished Creatures
  Mara (Vaults:3)
  Boris (Vaults:4)
  Nikola (Shoals:4)
  A Hellbinder (WizLab)
  A lich (Vaults:3)
  Rupert (Orc:2)
  A deep elf blademaster (Elf:3)
  A sphinx (Vaults:1)
  Polyphemus (Shoals:2)
  Gastronok (Lair:3)
  A tengu reaver (Vaults:4)
  Kirke (Lair:5)
  The ghost of Viqouck the Severer, a journeyman MiFi of Cheibriados (Shoals:2)
  7 deep elf sorcerers
  2 orc warlords
  4 ghost moths (Spider:4)
  A fire giant (Vaults:3)
  2 balrugs (WizLab)
  5 vault wardens
  7 emperor scorpions (Spider:4)
  9 ironheart preservers
  5 deep elf elementalists (Elf:3)
  2 ghouls
  6 stone giants
  5 entropy weavers
  2 deep elf demonologists (Elf:3)
  The ghost of TheGoonsmith the Severer, a journeyman MiBe of Trog (Lair:5)
  Nessos (D:12)
  A dire elephant (D:15)
  A black sun (WizLab)
  A deep elf annihilator (Vaults:2)
  A spark wasp (Spider:2)
  A minotaur (Gauntlet)
  An ettin (Orc:2)
  2 blizzard demons (WizLab)
  4 deep elf death magi
  Snorg (Lair:5)
  3 merfolk javelineers (Shoals:4)
  2 fire dragons
  A green death (WizLab)
  6 merfolk impalers
  5 yaktaur captains
  3 great orbs of eyes
  Josephine (D:12)
  7 ogre magi
  4 deep elf high priests (Elf:3)
  A hell beast (WizLab)
  A rakshasa (Vaults:1)
  2 ice dragons
  9 hydras
  Harold (D:11)
  13 centaur warriors
  6 death knights
  4 merfolk aquamancers (Shoals:4)
  A catoblepas (Shoals:2)
  5 merfolk avatars
  A satyr (Shoals:2)
  13 two-headed ogres
  2 tengu warriors
  9 orc high priests
  10 death yaks
  20 deep elf knights
  2 sun demons
  Nergalle (D:12)
  A soul eater (WizLab)
  2 sixfirhies (WizLab)
  An unseen horror (shapeshifter) (D:13)
  10 sea snakes
  A shadow demon (WizLab)
  5 deep trolls (Vaults:3)
  An obsidian statue (Vaults:3)
  13 wizards
  4 unseen horrors
  19 deep elf archers
  2 glowing orange brains
  A kraken simulacrum (Shoals:4)
  A wolf spider zombie (D:14)
  2 necromancers
  A phantasmal warrior (Vaults:1)
  7 fauns
  9 harpies
  3 spectral merfolk (Shoals:2)
  26 orc knights
  20 orb spiders
  A stone giant zombie (Vaults:2)
  70 deep elf magi
  A frost giant zombie (Vaults:2)
  10 ironbrand convokers
  31 ugly things
  An oklob plant (Lair:6)
  41 wolf spiders
  23 elephants
  8 orc sorcerers
  A salamander (D:15)
  11 cyclopes
  A salamander (shapeshifter) (D:15)
  17 manticores
  5 merfolk sirens
  3 smoke demons
  7 black mambas
  6 water nymphs
  A guardian serpent (shapeshifter) (D:15)
  A torpor snail (Spider:1)
  A spectral sea snake (Shoals:2)
  A storm dragon simulacrum (Vaults:2)
  7 vault sentinels
  9 orange demons
  A gargoyle (D:11)
  12 spiny frogs
  5 freezing wraiths
  8 rime drakes
  An efreet (D:13)
  A hellion (WizLab)
  31 yaktaurs
  18 demonic crawlers
  9 komodo dragons
  3 hellwings (WizLab)
  A tormentor (WizLab)
  3 red devils
  12 trolls
  A spectral water nymph (Shoals:2)
  4 ice devils
  30 merfolk
  A queen bee (Spider:4)
  8 wind drakes
  34 jumping spiders
  3 polar bears (Lair:6)
  9 hornets
  A wolf spider simulacrum (Gauntlet)
  Grinder (D:4)
  24 blink frogs
  18 dream sheep
  14 slime creatures
  17 hippogriffs
  91 redbacks
  6 vampires
  11 water elementals
  10 snapping turtles
  4 air elementals
  A shadow (D:15)
  A spriggan (D:7)
  A spriggan (shapeshifter) (Vaults:1)
  41 tarantellas
  2 ynoxinuls (WizLab)
  2 wyverns
  6 wraiths
  41 yaks
  A basilisk (Lair:4)
  12 vampire mosquitoes
  4 fire elementals
  A steam dragon (D:15)
  2 hungry ghosts
  5 hogs (Lair:5)
  A neqoxec (WizLab)
  Edmund (D:4)
  Menkaure (D:5)
  A harpy simulacrum (Shoals:2)
  A soldier ant (D:13)
  6 wargs
  6 acid dragons
  31 water moccasins
  4 hell hounds (Lair:6)
  4 porcupines
  A meliai simulacrum (Gauntlet)
  An ice beast (D:13)
  A hornet zombie (D:14)
  3 necrophages
  7 sky beasts
  72 orc warriors
  3 black bears
  An ice dragon simulacrum (Gauntlet)
  An eye of draining (D:11)
  4 phantoms
  41 ogres
  2 boggarts (Vaults:3)
  A wind drake simulacrum (Shoals:2)
  13 crocodiles
  12 wolves
  21 centaurs
  A big kobold (D:12)
  21 bullfrogs
  5 earth elementals
  2 merfolk simulacra (Shoals:2)
  A water nymph simulacrum (Shoals:2)
  A wyvern skeleton (D:11)
  14 scorpions
  2 human simulacra (Vaults:2)
  12 wights
  14 killer bees
  An electric eel (Lair:3)
  6 howler monkeys
  6 centaur zombies
  9 crimson imps
  6 bullfrog zombies
  A quasit (D:10)
  6 hounds
  A jelly (D:12)
  22 orc wizards
  A centaur skeleton (D:9)
  41 orc priests
  6 bullfrog skeletons
  3 iron imps (D:5)
  6 iguanas
  Ijyb (D:4)
  9 worker ants
  3 big kobold zombies (Ossuary)
  2 hound zombies
  5 mummies
  A hound skeleton (D:4)
  3 worker ant zombies
  Robin (D:2)
  13 adders
  7 shadow imps
  4 white imps (Gauntlet)
  An adder zombie (D:9)
  7 worms
  2 dart slugs
  6 leopard geckos
  130 orcs
  5 giant cockroaches
  7 hobgoblins
  13 jackals
  13 kobolds
  9 quokkas
  7 bats
  7 frilled lizards
  18 goblins
  3 hobgoblin zombies (Ossuary)
  3 leopard gecko skeletons
  A quokka skeleton (D:9)
  8 rats
  6 plants
  A tentacle (Shoals:4)
1840 creatures vanquished.

Vanquished Creatures (collateral kills)
  A merfolk impaler (Shoals:3)
  An ogre mage (Vaults:1)
  A yaktaur captain (Vaults:1)
  A merfolk avatar (Shoals:3)
  A soul eater (WizLab)
  Sonja (D:12)
  A sea snake (Shoals:3)
  An unseen horror (Vaults:1)
  A spiny frog (Lair:4)
  An orc knight (Elf:3)
  An ugly thing (D:14)
  2 orb spiders (Spider:1)
  4 deep elf magi (Elf:3)
  A merfolk siren (Shoals:4)
  2 merfolk (Shoals:3)
  A yak (D:12)
  A basilisk (Lair:4)
  An orc warrior (Elf:3)
  2 ogres (Vaults:1)
  A crocodile (Lair:4)
  A hound (D:12)
  3 kobolds (D:12)
30 creatures vanquished.

Vanquished Creatures (others)
  29 dancing weapons
  A deep elf mage (Elf:3)
  A spiny frog (Lair:4)
  A yaktaur (Vaults:1)
  A snapping turtle (Shoals:4)
  A yak (Lair:4)
  A neqoxec (WizLab)
  A warg (Elf:2)
  A boggart (Vaults:3)
  An orc priest (Vaults:2)
  12 fungi
  12 plants
  12 tentacles (Shoals:4)
74 creatures vanquished.

Grand Total: 1944 creatures vanquished

Notes
Turn   | Place    | Note
-------+----------+-------------------------------------------
     0 | D:1      | EvilAliv3 the Human Gladiator began the quest for the Orb.
     0 | D:1      | Reached XP level 1. HP: 16/16 MP: 1/1
   139 | D:1      | Reached XP level 2. HP: 22/22 MP: 2/2
   350 | D:1      | Reached XP level 3. HP: 19/28 MP: 3/3
   352 | D:1      | Reached skill level 1 in Armour
   887 | D:2      | Reached XP level 4. HP: 18/34 MP: 4/4
  1183 | D:2      | Found a shadowy altar of Dithmenos.
  1290 | D:2      | Noticed Robin
  1606 | D:2      | Reached XP level 5. HP: 13/40 MP: 5/5
  1960 | D:2      | Killed Robin
  2704 | D:3      | Found a blossoming altar of Fedhas.
  2944 | D:3      | Reached XP level 6. HP: 47/47 MP: 6/6
  2973 | D:3      | Found a radiant altar of Vehumet.
  2973 | D:3      | Found an ancient bone altar of Kikubaaqudgha.
  2974 | D:3      | Found a deep blue altar of Sif Muna.
  2980 | D:3      | Identified Sif Muna's Papyrus of Protection
  3079 | D:3      | Found a white marble altar of Elyvilon.
  3105 | D:3      | Found a glowing silver altar of Zin.
  3215 | D:4      | Noticed Grinder
  3263 | D:4      | Reached XP level 7. HP: 62/62 MP: 7/7
  3563 | D:4      | Killed Grinder
  3686 | D:4      | Noticed Edmund
  3901 | D:4      | Noticed Ijyb
  3915 | D:4      | Killed Ijyb
  3987 | D:4      | Reached XP level 8. HP: 60/68 MP: 8/8
  4287 | D:5      | Entered Level 5 of the Dungeon
  4469 | D:5      | Found a sand-covered staircase.
  4477 | Ossuary  | Entered an ossuary
  4802 | D:5      | Found a burning altar of Makhleb.
  5003 | D:5      | Found Ojeiposk's Antique Weapon Boutique.
  5012 | D:5      | Noticed Menkaure
  5028 | D:5      | Killed Menkaure
  5028 | D:5      | Reached XP level 9. HP: 55/75 MP: 9/9
  6438 | D:6      | Found an ornate altar of the Wu Jian Council.
  6540 | D:6      | Found a staircase to the Ecumenical Temple.
  6554 | Temple   | Entered the Ecumenical Temple
  6616 | Temple   | Became a worshipper of Gozag Ym Sagoz the Greedy
  6728 | D:7      | Noticed a hippogriff
  6835 | D:7      | Killed a hippogriff
  6836 | D:7      | Found a sparkling altar of Nemelex Xobeh.
  6989 | D:7      | Found a stormy altar of Qazlal.
  7123 | D:7      | Reached XP level 10. HP: 76/83 MP: 10/10
  7225 | D:7      | Paralysed by a hornet for 3 turns
  7232 | D:7      | Reached skill level 1 in Slings
  8109 | D:8      | Noticed a komodo dragon
  8380 | D:8      | Noticed a two-headed ogre
  8389 | D:8      | Killed a two-headed ogre
  8474 | D:8      | Found a hazy altar of Hepliaklqana.
  8475 | D:8      | Found a sacrificial altar of Ru.
  8777 | D:9      | Noticed a two-headed ogre
  9722 | D:9      | Paralysed by a hornet for 1 turns
  9723 | D:9      | Reached XP level 11. HP: 80/88 MP: 11/11
  9768 | D:9      | Reached skill level 5 in Dodging
  9859 | D:9      | Reached skill level 5 in Armour
  9916 | D:9      | Got a clouded bone ring
  9934 | D:9      | Identified the ring of the Will of the Gods {rElec rC+
                  | MR+++ Int+3 Dex-3} (You found it on level 9 of the Dungeon)
 10223 | D:9      | Found Teol's Book Emporium.
 10342 | D:10     | Entered Level 10 of the Dungeon
 11555 | D:11     | Noticed a red ugly thing
 11837 | D:4      | Killed Edmund
 12167 | D:8      | Found a staircase to the Lair.
 12185 | Lair:1   | Entered Level 1 of the Lair of Beasts
 12944 | Lair:1   | Reached skill level 10 in Fighting
 13610 | Lair:1   | Reached XP level 12. HP: 58/96 MP: 12/12
 14934 | Lair:2   | Reached skill level 5 in Slings
 16656 | Lair:3   | Noticed a six-headed hydra
 16820 | Lair:3   | Noticed a death yak
 16820 | Lair:3   | Noticed a death yak
 16845 | Lair:3   | Noticed Gastronok
 17472 | D:11     | Reached XP level 13. HP: 42/105 MP: 13/13
 17897 | D:11     | Noticed Harold
 17903 | D:11     | Noticed a seven-headed hydra
 17911 | D:11     | Killed Harold
 17921 | D:11     | Killed a seven-headed hydra
 19302 | D:11     | Found a staircase to the Orcish Mines.
 19527 | Orc:1    | Entered Level 1 of the Orcish Mines
 19624 | Orc:2    | Entered Level 2 of the Orcish Mines
 20575 | Orc:2    | Noticed Rupert
 21367 | Orc:1    | Found a bloodstained altar of Trog.
 22511 | Lair:3   | Killed a six-headed hydra
 22771 | Lair:3   | Found a hole to the Spider Nest.
 22930 | Lair:3   | Found a staircase to the Shoals.
 24514 | Lair:4   | Reached XP level 14. HP: 82/115 MP: 14/14
 25514 | Lair:4   | Identified the +3 chain mail "Edgharoma" {rPois rN+ MP+9
                  | Dex+4} (You found it on level 4 of the Lair of Beasts)
 25880 | Lair:4   | Reached skill level 10 in Dodging
 26143 | Lair:5   | Found a staircase to the Slime Pits.
 26178 | Lair:5   | Reached skill level 10 in Armour
 26370 | Lair:5   | Noticed Kirke
 26411 | Lair:5   | Killed Kirke
 26533 | Lair:5   | Noticed Snorg
 26563 | Lair:5   | Killed Snorg
 27464 | Lair:5   | Found a large runed door.
 27465 | Lair:5   | Found a large runed door.
 27467 | Lair:5   | Noticed TheGoonsmith's ghost (journeyman MiBe)
 27859 | Lair:5   | Found the +8 whip "Snakebite" {curare, rPois}
 27989 | Lair:5   | Identified the cursed +0 scale mail "Vikawer" {rPois rF+
                  | rC+ Dex-5} (You found it on level 5 of the Lair of Beasts)
 27997 | Lair:6   | Entered Level 6 of the Lair of Beasts
 29014 | Lair:6   | Reached XP level 15. HP: 109/124 MP: 15/15
 29565 | Lair:6   | Reached skill level 15 in Staves
 30821 | Lair:6   | Found a burning altar of Makhleb.
 30886 | Lair:6   | Reached skill level 1 in Evocations
 30906 | Lair:6   | Identified the +0 buckler "Mobeg" {MR+ Regen+ Str-2 Int+5}
 31188 | Lair:6   | Found a gateway to Hell.
 31868 | Lair:3   | Killed Gastronok
 32216 | Orc:2    | Paralysed by Rupert for 5 turns
 32247 | Orc:2    | Killed Rupert
 32580 | Orc:2    | Paralysed by an orc sorcerer for 6 turns
 33060 | Orc:2    | Found a staircase to the Elven Halls.
 33242 | Orc:2    | Found a roughly hewn altar of Beogh.
 33801 | Orc:2    | Reached XP level 16. HP: 133/133 MP: 18/18
 34508 | Orc:2    | Found Coacamm's General Store.
 34508 | Orc:2    | Found Atioruirey's Weapon Emporium.
 34509 | Orc:2    | Found Jifuaw's Armour Shoppe.
 34509 | Orc:2    | Found Powni's Armour Emporium.
 34522 | Orc:2    | Bought a scroll of identify for 28 gold pieces
 34522 | Orc:2    | Bought a potion of heal wounds for 70 gold pieces
 34527 | Orc:2    | Bought a +6 lajatang of electrocution for 1181 gold pieces
 34530 | Orc:2    | Bought the +14 chain mail of Hownoed {-Tele rElec rF++
                  | Dex+4} for 1168 gold pieces
 35129 | Spider:1 | Entered Level 1 of the Spider Nest
 35672 | Spider:1 | Reached skill level 5 in Evocations
 35920 | Spider:1 | HP: 6/134 [wolf spider (12)]
 38124 | Spider:2 | Reached XP level 17. HP: 140/140 MP: 21/21
 39159 | Spider:3 | Reached skill level 15 in Fighting
 41451 | Spider:4 | Entered Level 4 of the Spider Nest
 42600 | Spider:4 | Reached XP level 18. HP: 44/149 MP: 23/23
 43109 | Spider:4 | Identified the cursed +1 falchion "Cekkupur" {venom, +Rage}
 44145 | Spider:4 | Got a gossamer rune of Zot
 44473 | Lair:5   | Killed TheGoonsmith's ghost
 44488 | Lair:5   | Identified a scroll of acquirement
 44494 | Lair:5   | Identified the -3 pair of boots of the Pits of Slime {MR+}
                  | (You acquired it on level 5 of the Lair of Beasts)
 44743 | D:12     | Found Lmac's Luxury Loot.
 44867 | D:12     | Noticed Nergalle
 44884 | D:12     | Killed Nergalle
 44935 | D:12     | Noticed Sonja
 44963 | D:12     | Killed Sonja
 45340 | D:12     | Noticed Josephine
 45368 | D:12     | Killed Josephine
 45571 | D:12     | Found Orhen's Armour Shop.
 45576 | D:12     | Noticed Nessos
 45604 | D:12     | Killed Nessos
 45958 | D:12     | Upgraded the game from 0.23-a0-650-ga4d50d4 to
                  | 0.23-a0-666-g28d4f2f
 46656 | D:13     | Found a gate to the Vaults.
 46898 | D:13     | Found the +3 warlock's mirror {reflect}
 47525 | D:14     | Reached XP level 19. HP: 156/157 MP: 26/26
 47983 | D:15     | Entered Level 15 of the Dungeon
 48075 | D:15     | Found a gate leading to a gauntlet.
 48081 | Gauntlet | Entered a Gauntlet
 48081 | Gauntlet | Found a transporter.
 48081 | Gauntlet | Found a transporter.
 48088 | Gauntlet | Found a transporter.
 48102 | Gauntlet | Found a transporter.
 48119 | Gauntlet | Found a transporter.
 48135 | Gauntlet | Found a transporter.
 48148 | Gauntlet | Found a transporter.
 48214 | Gauntlet | Found a transporter.
 48229 | Gauntlet | Found a transporter.
 48245 | Gauntlet | Found a transporter.
 48259 | Gauntlet | Found a transporter.
 48272 | Gauntlet | Found a transporter.
 48339 | Gauntlet | Found a transporter.
 48347 | Gauntlet | Found a transporter.
 48352 | Gauntlet | Found a transporter.
 48355 | Gauntlet | Found a transporter.
 48597 | Gauntlet | Got a transparent pewter ring
 48598 | Gauntlet | Identified the ring "Raosios" {Int-5 Dex+4 SInv Stlth+}
                  | (You found it in a Gauntlet)
 49003 | D:15     | Reached skill level 10 in Evocations
 49205 | D:15     | Found a glowing golden altar of the Shining One.
 49611 | D:15     | Found a staircase to the Depths.
 50072 | D:8      | Bought a pair of embroidered gloves for 330 gold pieces
 50199 | D:12     | Bought a +1 pair of gloves of archery for 264 gold pieces
 50370 | Shoals:1 | Entered Level 1 of the Shoals
 50446 | Shoals:1 | Found Lust's Distillery.
 50475 | Shoals:1 | Bought a potion of haste for 140 gold pieces
 50475 | Shoals:1 | Bought a potion of might for 56 gold pieces
 50475 | Shoals:1 | Bought a potion of curing for 42 gold pieces
 50475 | Shoals:1 | Bought 2 potions of heal wounds for 140 gold pieces
 50475 | Shoals:1 | Bought a potion of might for 56 gold pieces
 51437 | Shoals:2 | Noticed Polyphemus
 51848 | Shoals:2 | Found a runed gate.
 51848 | Shoals:2 | Found a runed gate.
 51848 | Shoals:2 | Found a runed gate.
 51862 | Shoals:2 | Noticed Viqouck's ghost (journeyman MiFi)
 52154 | Shoals:2 | Killed Polyphemus
 53485 | Shoals:4 | Entered Level 4 of the Shoals
 53910 | Shoals:4 | Identified the amulet of Bikack {Faith +Blink rF+ rC+
                  | Stlth+} (You found it on level 4 of the Shoals)
 54017 | Shoals:4 | Reached XP level 20. HP: 149/164 MP: 28/28
 54691 | Shoals:4 | Reached skill level 10 in Slings
 54881 | Shoals:4 | Identified the cursed +1 dagger of Xiklar {venom, Int+4}
                  | (You found it on level 4 of the Shoals)
 55694 | Shoals:4 | Identified the amulet of Xom's Full Attention {Reflect
                  | *Contam rElec rN+ Str+9 SH+2}
 55694 | Shoals:4 | Noticed Nikola
 55719 | Shoals:4 | Killed Nikola
 56223 | Shoals:4 | Got a barnacled rune of Zot
 56454 | Shoals:2 | Killed Viqouck's ghost
 56592 | D:8      | Bought a citrine-encrusted plate armour for 1232 gold
                  | pieces
 56593 | D:8      | Identified the cursed +0 plate armour of Awna {*Corrode
                  | rPois rC+ Str+4} (You bought it in a shop on level 8 of the
                  | Dungeon)
 56810 | Orc:2    | Bought the +6 plate armour of Entitlement {rElec Str+4
                  | Dex+2 SInv} for 1508 gold pieces
 56969 | Vaults:1 | Entered Level 1 of the Vaults
 58656 | Vaults:1 | Reached XP level 21. HP: 135/171 MP: 31/31
 60673 | Vaults:2 | Upgraded the game from 0.23-a0-666-g28d4f2f to
                  | 0.23-a0-673-g3803c42
 60867 | Vaults:3 | Noticed Mara
 60867 | Vaults:3 | Noticed Mara
 60867 | Vaults:3 | Noticed Mara
 61878 | Vaults:3 | Noticed EvilAliv3's illusion
 61924 | Vaults:3 | Killed Mara
 61929 | Vaults:3 | Bought a ration for 50 gold pieces
 61929 | Vaults:3 | Bought a ration for 50 gold pieces
 61929 | Vaults:3 | Bought a ration for 50 gold pieces
 61929 | Vaults:3 | Bought a ration for 50 gold pieces
 61929 | Vaults:3 | Bought a ration for 50 gold pieces
 61929 | Vaults:3 | Bought a ration for 50 gold pieces
 61929 | Vaults:3 | Bought a ration for 50 gold pieces
 61929 | Vaults:3 | Bought a ration for 50 gold pieces
 61929 | Vaults:3 | Bought a ration for 50 gold pieces
 61929 | Vaults:3 | Bought a ration for 50 gold pieces
 61929 | Vaults:3 | Bought a ration for 50 gold pieces
 62268 | Vaults:3 | Found a staircase to the Crypt.
 62268 | Vaults:3 | Found a basalt altar of Yredelemnul.
 62269 | Vaults:3 | Found an ancient bone altar of Kikubaaqudgha.
 62771 | Vaults:4 | Reached skill level 15 in Evocations
 63244 | Vaults:4 | Reached XP level 22. HP: 180/180 MP: 33/33
 63314 | Vaults:4 | Found the +0 Maxwell's etheric cage {RegenMP+ *Contam rElec
                  | MP+4}
 64290 | Vaults:4 | Found a portal to a secret trove of treasure.
 64326 | Vaults:4 | Noticed Boris
 64438 | Vaults:4 | Killed Boris
 65643 | D:15     | Bought an ancient helmet for 332 gold pieces
 65643 | D:15     | Identified the +0 helmet of the Lily {MR+ Int+2 Dex+4 SInv}
                  | (You bought it in a shop on level 15 of the Dungeon)
 65691 | D:15     | Bought a heavily runed plate armour for 980 gold pieces
 65697 | D:15     | Identified the cursed +0 plate armour of Too Many Cooks
                  | {Stlth+} (You bought it in a shop on level 15 of the
                  | Dungeon)
 65724 | Depths:1 | Entered Level 1 of the Depths
 65911 | Elf:1    | Entered Level 1 of the Elven Halls
 66044 | Elf:1    | Found a magical portal.
 66060 | WizLab   | Entered The Hall of the Hellbinder
 66840 | WizLab   | Reached skill level 15 in Armour
 66874 | WizLab   | Noticed Ynezed
 66892 | WizLab   | Killed Ynezed the Hellbinder
 66892 | WizLab   | Reached skill level 15 in Dodging
 66914 | WizLab   | Found a burning altar of Makhleb.
 66963 | WizLab   | Identified the Collected Works on Summoning
 67004 | WizLab   | Identified the +4 chain mail "Vihulet" {rN+} (You found it
                  | in a wizard's laboratory)
 67024 | WizLab   | Got a flickering glass ring
 67025 | WizLab   | Identified the ring "Oxzuunen" {rF+ EV+6 Int+2 Slay+2} (You
                  | found it in a wizard's laboratory)
 67031 | WizLab   | Got a crude jade ring
 67032 | WizLab   | Identified the ring "Peloessou" {*Slow rC+++ Str+4 SInv
                  | Stlth+} (You found it in a wizard's laboratory)
 67176 | Elf:1    | Found Valafywn's General Store.
 67228 | Elf:1    | Identified the cursed +1 whip of Eternal Vigilance {venom,
                  | SInv} (You found it on level 1 of the Elven Halls)
 67930 | Elf:1    | Reached XP level 23. HP: 188/188 MP: 35/35
 68254 | Elf:2    | Found a runed gate.
 68257 | Elf:2    | Found a runed gate.
 68258 | Elf:2    | Found a runed gate.
 69309 | Elf:3    | Entered Level 3 of the Elven Halls
 69572 | Elf:3    | Found a roughly hewn altar of Beogh.
 71154 | Elf:3    | Identified the +9 falchion "Pefraon" {flame, +Rage rC+
                  | Dex+2}
 71170 | Elf:3    | Identified the +6 shadow dragon scales of Bad Feelings
                  | {Str+3 Stlth++++}
 71189 | Elf:3    | Identified the +1 leather armour of Dim Light {rC+++ rCorr
                  | Dex-4 Stlth+}
 71189 | Elf:3    | Identified the amulet "Fiklyteb" {Reflect Dex+3 SH+3}
 71197 | Elf:3    | Reached XP level 24. HP: 124/197 MP: 35/35
 71211 | Elf:3    | Killed from afar by a deep elf annihilator

Vault maps used:
D:1:      lemuel_arrival_rhombus
D:2:      minmay_evil_eye, nicolae_dithmenos_through_a_glass_darkly, uniq_robin
D:3:      grunt_temple_overflow_magic_moments, zin_scriptorium,
          overflow_temple_1_default, lemuel_doored_altar,
          chequers_serial_rivers_room_b
D:4:      first_ration, chequers_serial_rivers_micro_a, hangedman_decor_push,
          grunt_decor_cap, uniq_edmund, uniq_grinder, uniq_ijyb
D:5:      demons_altar, gup_ossuary_entry_pyramid, serial_shops,
          nicolae_shop_competitors_out_of_business, uniq_menkaure
D:6:      lemuel_round_altar, minmay_temple_entry_offerings
D:7:      nemelex_xobeh_ov_fountains_minmay, grunt_qazlal_clouds, the_bakery
D:8:      gammafunk_temple_overflow_pools, david_lair_shrubbed
D:9:      wad_guarded_room, serial_shops, shop, kennysheep_generic_room_12
D:10:     minmay_between
D:11:     david_orc_4, uniq_harold
D:12:     minmay_quarter_circles, serial_shops, shop, nicolae_alphabet_shops,
          uniq_nergalle, uniq_nessos, uniq_sonja, uniq_josephine
D:13:     minmay_smoke_and_mirrors, skrybe_vaults_entry_preservation
D:14:     nrook_campfire
D:15:     hangedman_depths_entry_try_elsewhere_first, gauntlet_entry_generic,
          tso_metal_star
Temple:   compressed_dpeg_triangle_lava_temple
Lair:1:   grunt_megastairs_4
Lair:3:   minmay_shoals_entry_centaurs, spider_nest_entry_web_field,
          uniq_gastronok
Lair:4:   beast_lair_carwin_2
Lair:5:   minmay_guarded_unrand_snakebite, slime_dummy,
          ebering_ghost_disaster_area, lemuel_fruit_tree, uniq_kirke, uniq_snorg
Lair:6:   evil_forest, chequers_serial_rivers_micro_c, infiniplex_staircase_pool
Shoals:1: serial_shops, shop
Shoals:2: gammafunk_ghost_necromancy, uniq_polyphemus
Shoals:4: shoals_end_grunt_ice, uniq_nikola
Spider:1: spider_trap
Spider:3: spider_trap, nicolae_spider_nook, nicolae_spider_cling_ruins
Spider:4: grunt_spider_rune_circles, hive_lemuel
Orc:1:    trog_book
Orc:2:    st_orc_pillars, mines2_david, uniq_rupert
Elf:1:    eino_elf_arrival_customs, infiniplex_enter_wizlab_water, serial_shops,
          shop, minmay_elf_sorcery
Elf:2:    einodemon_barbed_minivault, basic_stair_grate_trap
Elf:3:    minmay_elf_hall_x, special_room, minmay_misc_feat_rows,
          minmay_misc_feat_cross, minmay_the_grid_square_5x5_3x3_mashed
Vaults:1: nicolae_vaults_network_barrier, ontoclasm_vaults_idyll,
          nicolae_vaults_network_star, v_rooms_2, ontoclasm_vaults_ring_square,
          vaults_mumra_bighexcomb, v_misc_18, v_rooms_4, hangedman_vaults_slice,
          ontoclasm_vaults_twist
Vaults:2: ontoclasm_vaults_claustrophobia, v_misc_4, v_misc_2, v_alt_pattern_1,
          nicolae_vaults_asterisk, nicolae_vaults_theta
Vaults:3: nicolae_vaults_diagonal_hallway_7, nicolae_vaults_rhombus_6,
          minmay_crypt_entry_necro_gods, v_misc_2,
          nicolae_vaults_three_branches, nicolae_vaults_stairing_the_circle,
          vaults_dpeg_encased_lava, nicolae_vaults_network_s, vaults_room_boxed,
          grunt_vaults_diagonal, ontoclasm_vaults_loading_screen,
          vaults_room_pools, ontoclasm_vaults_pinch,
          nicolae_vaults_statue_guard, uniq_mara
Vaults:4: v_misc_10, hangedman_vaults_cutoff, v_misc_19, vaults_dpeg_cross,
          grunt_vaults_swirl, vaults_room_pool, ontoclasm_vaults_bender,
          v_alt_pattern_4, v_rooms_3, v_misc_4, hangedman_vaults_capsules,
          nicolae_trove_entry_columns, uniq_boris
Depths:1: chequers_serial_rivers_large_b, pf_hell_entry_tar_river,
          rand_demon_pan_entry_5, moated_statue, kennysheep_kite_vault,
          grunt_megastairs_2, serial_bayou_shore_b
Ossuary:  ossuary_the_hunt_dpeg
WizLab:   wizlab_demon
Gauntlet: gammafunk_gauntlet_branching

Skill      XL: |  1  2  3  4  5  6  7  8  9 10 11 12 13 14 15 16 17 18 19 20 21 22 23 |
---------------+----------------------------------------------------------------------+-----
Armour         | 1 2 3 4 5 7 9 10 11 12 13 14 15 | 15.9
Staves         | 4 11 12 13 14 15 16 17 18 | 18.0
Fighting       | 3 8 9 10 12 13 14 15 16 17 18 | 18.1
Slings         | 2 4 5 9 11 | 11.9
Dodging        | 4 6 7 9 11 12 13 14 15 | 15.9
Evocations     | 3 6 7 9 11 13 15 16 17 | 17.8
Throwing       | |  2.0

Action                   |  1- 3 |  4- 6 |  7- 9 | 10-12 | 13-15 | 16-18 | 19-21 | 22-24 || total
-------------------------+-------+-------+-------+-------+-------+-------+-------+-------++-------
Melee: Quarterstaff      |    97 |   153 |   376 |   906 |   908 |       |       |       ||  2440
       Whip              |       |       |       |       |   654 |  1472 |  1355 |   716 ||  4197
       Lajatang          |       |       |       |       |       |   303 |   699 |   517 ||  1519
 Fire: Hunting sling     |       |       |       |    17 |   216 |    31 |    78 |       ||   342
Throw: Throwing net      |       |       |       |       |     2 |     2 |       |       ||     4
       Javelin           |       |       |       |       |       |       |     4 |     7 ||    11
Invok: Potion Petition   |       |       |       |     1 |     2 |     1 |     4 |     1 ||     9
       Call Merchant     |       |       |       |       |       |       |     4 |     1 ||     5
Evoke: Wand              |       |       |     5 |    50 |    48 |    12 |    17 |     6 ||   138
       Lightning rod     |       |       |       |       |     4 |     3 |    20 |     8 ||    35
       Phial of floods   |       |       |       |       |     1 |     3 |     5 |     2 ||    11
       Sack of spiders   |       |       |       |       |       |     4 |     7 |       ||    11
       Fan of gales      |       |       |       |       |       |       |     2 |     1 ||     3
       Lamp of fire      |       |       |       |       |       |       |     1 |     2 ||     3
  Use: Scroll            |       |     4 |    12 |     5 |     5 |    18 |     8 |     8 ||    60
       Potion            |       |     1 |     2 |       |     3 |    16 |     1 |     5 ||    28
 Stab: Sleeping          |     1 |     1 |       |       |       |       |       |       ||     2
       Distracted        |       |       |       |     3 |     7 |     6 |    14 |     9 ||    39
       Held in net/web   |       |       |       |       |     2 |       |       |       ||     2
       Invisible         |       |       |       |       |     2 |    14 |       |       ||    16
  Eat: Chunk             |       |     7 |     7 |       |       |       |       |       ||    14
       Ration            |       |       |     2 |    10 |    15 |    13 |    15 |     8 ||    63
Armor: Leather armour    |    22 |    26 |    15 |       |       |       |       |       ||    63
       Chain mail        |       |       |    84 |   270 |   431 |   894 |   632 |   311 ||  2622
       Scale mail        |       |       |       |       |   132 |       |       |       ||   132
       Plate armour      |       |       |       |       |       |       |    24 |       ||    24
Dodge: Dodged            |    55 |    83 |    96 |   249 |   742 |   951 |   895 |   665 ||  3736
       Deflected         |       |       |       |       |    14 |    19 |    56 |       ||    89
Block: Other             |       |       |       |       |       |       |    25 |    39 ||    64
       Reflection        |       |       |       |       |       |       |     5 |     1 ||     6

Table legend:
 A = Non-vault XP
 B = Vault XP
 C = Vault XP percentage of total XP
 D = Non-vault monster count
 E = Vault monster count
 F = Vault count percentage of total count
                 A         B        C        D         E       F
            +---------+---------+-------+---------+---------+-------
      Total |  402323 |  300157 |  42.7 |    1262 |     634 |  33.4
            +---------+---------+-------+---------+---------+-------
        D:1 |      43 |       0 |   0.0 |      26 |       0 |   0.0
        D:2 |     124 |      46 |  27.1 |      28 |      16 |  36.4
        D:3 |      60 |       0 |   0.0 |      22 |       0 |   0.0
        D:4 |     323 |     484 |  60.0 |      16 |       3 |  15.8
        D:5 |     385 |     309 |  44.5 |       9 |       5 |  35.7
        D:6 |    1397 |       0 |   0.0 |      27 |       0 |   0.0
        D:7 |    1728 |     220 |  11.3 |       7 |       1 |  12.5
        D:8 |    1783 |     355 |  16.6 |      22 |       1 |   4.3
        D:9 |    1671 |    1633 |  49.4 |      35 |      15 |  30.0
       D:10 |    2960 |     200 |   6.3 |      25 |       4 |  13.8
       D:11 |    4570 |    1414 |  23.6 |      31 |      12 |  27.9
       D:12 |    4686 |   10953 |  70.0 |      41 |      30 |  42.3
       D:13 |   13058 |    9038 |  40.9 |      48 |      17 |  26.2
       D:14 |    8049 |       0 |   0.0 |      31 |       0 |   0.0
       D:15 |   10224 |    2654 |  20.6 |      26 |       4 |  13.3
     Lair:1 |    4564 |    1149 |  20.1 |      23 |       6 |  20.7
     Lair:2 |    9300 |       0 |   0.0 |      32 |       0 |   0.0
     Lair:3 |    7748 |    2729 |  26.0 |      24 |       6 |  20.0
     Lair:4 |    5959 |     724 |  10.8 |      25 |       2 |   7.4
     Lair:5 |   10031 |    7308 |  42.1 |      36 |      20 |  35.7
     Lair:6 |   19751 |    8637 |  30.4 |      48 |      26 |  35.1
   Shoals:1 |   14657 |     900 |   5.8 |      33 |       1 |   2.9
   Shoals:2 |   12353 |    9285 |  42.9 |      24 |      15 |  38.5
   Shoals:3 |   11277 |    1067 |   8.6 |      32 |       1 |   3.0
   Shoals:4 |   10206 |   20187 |  66.4 |      24 |      30 |  55.6
   Spider:1 |   18988 |       0 |   0.0 |      58 |       0 |   0.0
   Spider:2 |   19922 |       0 |   0.0 |      48 |       0 |   0.0
   Spider:3 |   22617 |    3912 |  14.7 |      65 |      12 |  15.6
   Spider:4 |   17833 |   20644 |  53.7 |      43 |      47 |  52.2
      Orc:1 |    4490 |       9 |   0.2 |      36 |       3 |   7.7
      Orc:2 |    4964 |   14520 |  74.5 |      23 |      76 |  76.8
      Elf:1 |   13390 |   11806 |  46.9 |      25 |      20 |  44.4
      Elf:2 |   19348 |   27563 |  58.8 |      33 |      39 |  54.2
      Elf:3 |   12571 |   47157 |  79.0 |      27 |      60 |  69.0
   Vaults:1 |   37428 |   17854 |  32.3 |      73 |      46 |  38.7
   Vaults:2 |   20941 |    1497 |   6.7 |      38 |       3 |   7.3
   Vaults:3 |   13488 |   28735 |  68.1 |      17 |      29 |  63.0
   Vaults:4 |   37913 |   21494 |  36.2 |      80 |      25 |  23.8
   Depths:1 |    1523 |       0 |   0.0 |       1 |       0 |   0.0
    Ossuary |       0 |     383 | 100.0 |       0 |      15 | 100.0
     WizLab |       0 |   22591 | 100.0 |       0 |      31 | 100.0
   Gauntlet |       0 |    2700 | 100.0 |       0 |      13 | 100.0
            +---------+---------+-------+---------+---------+-------
